TOP OF THE 1ST |
Chicago Cubs batting - Pitching for San Diego Padres : RHP Timóteo Metzener
|
Pitching: RHP Timóteo Metzener
|
|
Batting: LHB Kevin Norton
|
0-0: Fly out, F8 (Flyball, 8LS, EV 90.0 MPH)
|
Batting: SHB Art Kent
|
0-0: Fly out, F5 (Popup, 5F, EV 68.8 MPH)
|
Batting: RHB Efrain Vargas
|
0-0: Ground out 6-3 (Groundball, 6, EV 90.0 MPH)
|
Top of the 1st over - 0 runs, 0 hits, 0 errors, 0 left on base; Chicago 0 - San Diego 0 |
BOTTOM OF THE 1ST |
San Diego Padres batting - Pitching for Chicago Cubs : LHP Anass Rhammar
|
Pitching: LHP Anass Rhammar
|
|
Batting: RHB Bobby Ayala
|
0-0: Ball 1-0: Ball 2-0: Ball 3-0: Called Strike 3-1: Foul Ball, location: 2F 3-2: Ground out 6-3 (Groundball, 6, EV 90.6 MPH)
|
Batting: RHB Chiel Palstermans
|
0-0: Foul Ball, location: 2F 0-1: Foul Ball, location: 2F 0-2: Foul Ball, location: 2F 0-2: DOUBLE (Flyball, 8RD, EV 100.0 MPH)
|
Batting: RHB Alberto Cotto
|
0-0: Ball 1-0: Ground out 6-3 (Groundball, 6MS, EV 83.1 MPH) Chiel Palstermans to third
|
Batting: RHB Matthew Starr
|
0-0: Ball 1-0: Called Strike 1-1: Foul Ball, location: 2F 1-2: Ground out 3-1 (Groundball, 34, EV 108.8 MPH)
|
Bottom of the 1st over - 0 runs, 1 hit, 0 errors, 1 left on base; Chicago 0 - San Diego 0 |
TOP OF THE 2ND |
Chicago Cubs batting - Pitching for San Diego Padres : RHP Timóteo Metzener
|
Batting: SHB Terry Tuckfard
|
0-0: Fly out, F9 (Line Drive, 9, EV 98.8 MPH)
|
Batting: RHB Steve Bui
|
0-0: Ball 1-0: Ball 2-0: Called Strike 2-1: Ball 3-1: Called Strike 3-2: SOLO HOME RUN (Flyball, 89XD, EV 101.2 MPH), Distance : 411 ft
|
Batting: RHB Jamie Ogilvie
|
0-0: Ball 1-0: Ball 2-0: Called Strike 2-1: Ball 3-1: Swinging Strike 3-2: Strikes out looking
|
Batting: RHB Andy Wasierski
|
0-0: Ball 1-0: Ball 2-0: Called Strike 2-1: Fly out, F9 (Flyball, 9LS, EV 97.5 MPH)
|
Top of the 2nd over - 1 run, 1 hit, 0 errors, 0 left on base; Chicago 1 - San Diego 0 |
BOTTOM OF THE 2ND |
San Diego Padres batting - Pitching for Chicago Cubs : LHP Anass Rhammar
|
Batting: LHB Andy Bowman
|
0-0: Swinging Strike 0-1: Called Strike 0-2: Reached on error, E6 (Groundball, 6, EV 103.8 MPH)
|
Batting: LHB Chris Moody
|
0-0: Ball 1-0: Ball 2-0: Foul Ball, location: 2F 2-1: Ball 3-1: Base on Balls Andy Bowman to second
|
Batting: LHB Ryan Flynn Jr.
|
0-0: Foul Ball, location: 2F 0-1: Foul Ball, location: 2F 0-2: Strikes out looking
|
Batting: SHB Devin Hottenstein
|
0-0: Called Strike 0-1: Grounds into double play, U6-3 (Groundball, 4M, EV 100.6 MPH)
|
Bottom of the 2nd over - 0 runs, 0 hits, 1 error, 1 left on base; Chicago 1 - San Diego 0 |
TOP OF THE 3RD |
Chicago Cubs batting - Pitching for San Diego Padres : RHP Timóteo Metzener
|
Batting: SHB Seung-ho Zhang
|
0-0: Swinging Strike 0-1: Foul Ball, location: 2F 0-2: Ball 1-2: Ball 2-2: Strikes out swinging
|
Batting: SHB Nick Chandler
|
0-0: Fly out, F7 (Flyball, 78XD, EV 100.6 MPH)
|
Batting: LHB Kevin Norton
|
0-0: Ball 1-0: Called Strike 1-1: Foul Ball, location: 2F 1-2: Ball 2-2: Ball 3-2: Base on Balls
|
Batting: SHB Art Kent
|
0-0: Ball 1-0: Fly out, F7 (Flyball, 7D, EV 98.8 MPH)
|
Top of the 3rd over - 0 runs, 0 hits, 0 errors, 1 left on base; Chicago 1 - San Diego 0 |
BOTTOM OF THE 3RD |
San Diego Padres batting - Pitching for Chicago Cubs : LHP Anass Rhammar
|
Batting: RHB Oscar Fausto
|
0-0: Ball 1-0: Ball 2-0: Foul Ball, location: 2F 2-1: Ground out 2-3 (Groundball, 13S, EV 70.0 MPH)
|
Batting: RHB Bobby Ayala
|
0-0: Ball 1-0: Ball 2-0: Called Strike 2-1: Called Strike 2-2: Ball 3-2: Foul Ball, location: 2F 3-2: SOLO HOME RUN (Flyball, 7D, EV 109.4 MPH), Distance : 411 ft
|
Batting: RHB Chiel Palstermans
|
0-0: Ball 1-0: SINGLE (Groundball, 6MD, EV 97.5 MPH)
|
Batting: RHB Alberto Cotto
|
0-0: Ball 1-0: Ball Chiel Palstermans steals 2nd, throwing error, E2 Chiel Palstermans to third 2-0: Ground out 6-3 (Groundball, 56, EV 79.4 MPH) Chiel Palstermans scores
|
Batting: RHB Matthew Starr
|
0-0: Swinging Strike 0-1: Ball 1-1: Ball 2-1: Foul Ball, location: 2F 2-2: Ground out 4-3 (Groundball, 4, EV 76.9 MPH)
|
Bottom of the 3rd over - 2 runs, 2 hits, 1 error, 0 left on base; Chicago 1 - San Diego 2 |
TOP OF THE 4TH |
Chicago Cubs batting - Pitching for San Diego Padres : RHP Timóteo Metzener
|
Batting: RHB Efrain Vargas
|
0-0: Ball 1-0: Ball 2-0: Fly out, F7 (Flyball, 7S, EV 86.9 MPH)
|
Batting: SHB Terry Tuckfard
|
0-0: Ball 1-0: Foul Ball, location: 2F 1-1: Ball 2-1: Foul Ball, location: 2F 2-2: Fly out, F9 (Flyball, 89M, EV 88.8 MPH)
|
Batting: RHB Steve Bui
|
0-0: Ball 1-0: Fly out, F8 (Flyball, 89XD, EV 85.0 MPH)
|
Top of the 4th over - 0 runs, 0 hits, 0 errors, 0 left on base; Chicago 1 - San Diego 2 |
BOTTOM OF THE 4TH |
San Diego Padres batting - Pitching for Chicago Cubs : LHP Anass Rhammar
|
Batting: LHB Andy Bowman
|
0-0: Ball 1-0: Called Strike 1-1: Swinging Strike 1-2: Ball 2-2: Foul Ball, location: 2F 2-2: Strikes out swinging
|
Batting: LHB Chris Moody
|
0-0: Swinging Strike 0-1: Swinging Strike 0-2: Ball 1-2: Foul Ball, location: 2F 1-2: Foul Ball, location: 2F 1-2: Foul Ball, location: 2F 1-2: Reached on error, E3 (Groundball, 34, EV 105.0 MPH)
|
Batting: LHB Ryan Flynn Jr.
|
0-0: Ball Wild Pitch! Chris Moody to second 1-0: Fly out, F8 (Flyball, 8RXD, EV 91.9 MPH) Runner from 2nd tags up, SAFE at 3rd, no throw by CF
|
Batting: SHB Devin Hottenstein
|
0-0: Ball 1-0: Ball 2-0: Called Strike 2-1: SINGLE (Groundball, 56D, EV 100.6 MPH) Chris Moody scores
|
Batting: RHB Oscar Fausto
|
0-0: Ball 1-0: Swinging Strike 1-1: Ball 2-1: Called Strike 2-2: Ball 3-2: Ground out 4-3 (Groundball, 34, EV 105.0 MPH)
|
Bottom of the 4th over - 1 run, 1 hit, 1 error, 1 left on base; Chicago 1 - San Diego 3 |
TOP OF THE 5TH |
Chicago Cubs batting - Pitching for San Diego Padres : RHP Timóteo Metzener
|
Pitching: RHP Jadon Martin
|
|
Batting: RHB Jamie Ogilvie
|
0-0: Ball 1-0: Foul Ball, location: 2F 1-1: Ground out 6-3 (Groundball, 6, EV 84.4 MPH)
|
Pinch Hitting: LHB Barend van der Kamp
|
0-0: Called Strike 0-1: DOUBLE (Groundball, 3L, EV 94.4 MPH)
|
Batting: SHB Seung-ho Zhang
|
0-0: Ball Wild Pitch! Barend van der Kamp to third 1-0: Called Strike 1-1: SINGLE (Groundball, 4S, EV 69.4 MPH) (infield hit) Barend van der Kamp scores
|
Batting: SHB Nick Chandler
|
0-0: Ball 1-0: Ball 2-0: Ball 3-0: Called Strike 3-1: Base on Balls Seung-ho Zhang to second
|
Batting: LHB Kevin Norton
|
0-0: Ball 1-0: Foul Ball, location: 2F 1-1: Foul Ball, location: 2F 1-2: Foul Ball, location: 2F 1-2: Foul Ball, location: 2F 1-2: Strikes out swinging
|
Batting: SHB Art Kent
|
0-0: Ground out 4-3 (Groundball, 4, EV 109.4 MPH)
|
Top of the 5th over - 1 run, 2 hits, 0 errors, 2 left on base; Chicago 2 - San Diego 3 |
BOTTOM OF THE 5TH |
San Diego Padres batting - Pitching for Chicago Cubs : LHP Anass Rhammar
|
Pitching: LHP Bill Cooksey
|
|
Now at SS: Yasuhide Kasahara
|
|
Batting: RHB Bobby Ayala
|
0-0: Foul Ball, location: 2F 0-1: Ball 1-1: Swinging Strike 1-2: SINGLE (Flyball, 3D, EV 95.6 MPH)
|
Batting: RHB Chiel Palstermans
|
0-0: Ball 1-0: Sac Bunt to 2R - play at first, batter OUT! 2-4 Bobby Ayala to second
|
Batting: RHB Alberto Cotto
|
0-0: Called Strike 0-1: Ball 1-1: Foul Ball, location: 2F 1-2: Ball 2-2: Ball 3-2: Strikes out swinging
|
Batting: RHB Matthew Starr
|
0-0: Ball 1-0: Foul Ball, location: 2F 1-1: Ball 2-1: Foul Ball, location: 2F 2-2: Strikes out swinging
|
Bottom of the 5th over - 0 runs, 1 hit, 0 errors, 1 left on base; Chicago 2 - San Diego 3 |
TOP OF THE 6TH |
Chicago Cubs batting - Pitching for San Diego Padres : RHP Jadon Martin
|
Batting: RHB Efrain Vargas
|
0-0: Ball 1-0: Ball 2-0: Swinging Strike 2-1: Fly out, F7 (Flyball, 78M, EV 81.2 MPH)
|
Batting: SHB Terry Tuckfard
|
0-0: Called Strike 0-1: Foul Ball, location: 2F 0-2: Ball 1-2: Ball 2-2: Foul Ball, location: 2F 2-2: Foul Ball, location: 2F 2-2: Foul Ball, location: 2F 2-2: Strikes out swinging
|
Batting: RHB Steve Bui
|
0-0: Ground out 6-3 (Groundball, 6, EV 90.6 MPH)
|
Top of the 6th over - 0 runs, 0 hits, 0 errors, 0 left on base; Chicago 2 - San Diego 3 |
BOTTOM OF THE 6TH |
San Diego Padres batting - Pitching for Chicago Cubs : LHP Bill Cooksey
|
Batting: LHB Andy Bowman
|
0-0: Ball 1-0: Ball 2-0: Ball 3-0: Called Strike 3-1: Base on Balls
|
Batting: LHB Chris Moody
|
0-0: Ball 1-0: Called Strike 1-1: Called Strike 1-2: Ball 2-2: Foul Ball, location: 2F 2-2: Strikes out swinging
|
Batting: LHB Ryan Flynn Jr.
|
0-0: Ball 1-0: Called Strike 1-1: Ball 2-1: Ball 3-1: Base on Balls Andy Bowman to second
|
Batting: SHB Devin Hottenstein
|
0-0: Ball 1-0: Foul Ball, location: 2F 1-1: Grounds into double play, 5-4-3 (Groundball, 56, EV 80.6 MPH)
|
Bottom of the 6th over - 0 runs, 0 hits, 0 errors, 1 left on base; Chicago 2 - San Diego 3 |
TOP OF THE 7TH |
Chicago Cubs batting - Pitching for San Diego Padres : RHP Jadon Martin
|
Pitching: RHP Parker French
|
|
Pinch Hitting: SHB Tim Hone
|
0-0: Ball 1-0: Ball 2-0: Foul Ball, location: 2F 2-1: Ball 3-1: Ground out U3 (Groundball, 34, EV 101.2 MPH)
|
Batting: RHB Yasuhide Kasahara
|
0-0: Ball 1-0: Ball 2-0: Called Strike 2-1: Ground out U3 (Groundball, 34, EV 84.4 MPH)
|
Batting: SHB Seung-ho Zhang
|
0-0: Ball 1-0: Ball 2-0: Swinging Strike 2-1: Ball 3-1: Base on Balls
|
Batting: SHB Nick Chandler
|
0-0: Swinging Strike 0-1: Foul Ball, location: 2F 0-2: Ball 1-2: Foul Ball, location: 2F 1-2: Ball 2-2: Strikes out swinging
|
Top of the 7th over - 0 runs, 0 hits, 0 errors, 1 left on base; Chicago 2 - San Diego 3 |
BOTTOM OF THE 7TH |
San Diego Padres batting - Pitching for Chicago Cubs : LHP Bill Cooksey
|
Pitching: RHP Tony Ramirez
|
|
Now at 2B: Elijah Campbell
|
|
Batting: RHB Oscar Fausto
|
0-0: Ball 1-0: Swinging Strike 1-1: Ball 2-1: Ball 3-1: Called Strike 3-2: Ground out 6-3 (Groundball, 6M, EV 98.1 MPH)
|
Pinch Hitting: RHB Alois Wollf
|
0-0: Fly out, F7 (Line Drive, 7, EV 88.1 MPH)
|
Batting: RHB Chiel Palstermans
|
0-0: Ball 1-0: Ball 2-0: Foul Ball, location: 2F 2-1: Swinging Strike 2-2: Ball 3-2: Strikes out swinging, 2-3 out at first.
|
Bottom of the 7th over - 0 runs, 0 hits, 0 errors, 0 left on base; Chicago 2 - San Diego 3 |
TOP OF THE 8TH |
Chicago Cubs batting - Pitching for San Diego Padres : RHP Parker French
|
Pitching: LHP Klaus Qvist
|
|
Now at 2B: Alois Wollf
|
|
Pinch Hitting: LHB Paul Perry
|
0-0: Ball 1-0: Fly out, F8 (Flyball, 8RD, EV 89.4 MPH)
|
Pinch Hitting: RHB Adam O'Hare
|
0-0: Foul Ball, location: 2F 0-1: Ground out 3-1 (Groundball, 34S, EV 87.5 MPH)
|
Pinch Hitting: SHB Gerardo Flores
|
0-0: Ball 1-0: Swinging Strike 1-1: Fly out, F7 (Line Drive, 7, EV 92.5 MPH)
|
Top of the 8th over - 0 runs, 0 hits, 0 errors, 0 left on base; Chicago 2 - San Diego 3 |
BOTTOM OF THE 8TH |
San Diego Padres batting - Pitching for Chicago Cubs : RHP Tony Ramirez
|
Pitching: RHP Chris Allen
|
|
Now at 1B: Adam O'Hare
|
|
Now in LF: Paul Perry
|
|
Now in CF: Seung-ho Zhang
|
|
Now in RF: Gerardo Flores
|
|
Pinch Hitting: RHB Jose Morrissey
|
0-0: Ball 1-0: Called Strike 1-1: Ball 2-1: Ball 3-1: Ground out 4-3 (Groundball, 4, EV 102.5 MPH)
|
Batting: LHB Aaron LeBlanc
|
0-0: Called Strike 0-1: Foul Ball, location: 2F 0-2: Foul Ball, location: 2F 0-2: Foul Ball, location: 2F 0-2: Ball 1-2: Fly out, F9 (Flyball, 9D, EV 104.4 MPH)
|
Pinch Hitting: LHB Mike Holt
|
0-0: Called Strike 0-1: SINGLE (Line Drive, 8LS, EV 91.2 MPH)
|
Pinch Hitting: LHB Per Meulengracht
|
0-0: Ball 1-0: SINGLE (Groundball, 4S, EV 69.4 MPH) (infield hit) Mike Holt to second
|
Pinch Hitting: RHB Carlos Reyes
|
0-0: Called Strike 0-1: Ground out 4-3 (Groundball, 4MS, EV 71.2 MPH)
|
Bottom of the 8th over - 0 runs, 2 hits, 0 errors, 2 left on base; Chicago 2 - San Diego 3 |
TOP OF THE 9TH |
Chicago Cubs batting - Pitching for San Diego Padres : LHP Klaus Qvist
|
Pitching: RHP Raul Almonte
|
|
Now at 3B: Jose Morrissey
|
|
Now in LF: Carlos Reyes
|
|
Now in CF: Mike Holt
|
|
Now in RF: Per Meulengracht
|
|
Pinch Hitting: RHB Josh Kalman
|
0-0: SOLO HOME RUN (Flyball, 7D, EV 108.1 MPH), Distance : 419 ft
|
Batting: RHB Will Leslie
|
0-0: Ball 1-0: Foul Ball, location: 2F 1-1: Ball 2-1: Swinging Strike 2-2: Ball 3-2: Strikes out swinging
|
Batting: RHB Elijah Campbell
|
0-0: Swinging Strike 0-1: Foul Ball, location: 2F 0-2: Ground out 1-3 (Groundball, 15S, EV 66.9 MPH)
|
Batting: RHB Yasuhide Kasahara
|
0-0: Ball 1-0: Called Strike 1-1: Called Strike 1-2: Foul Ball, location: 2F 1-2: Ball 2-2: Foul Ball, location: 2F 2-2: Foul Ball, location: 2F 2-2: Fly out, F7 (Flyball, 78M, EV 73.8 MPH)
|
Top of the 9th over - 1 run, 1 hit, 0 errors, 0 left on base; Chicago 3 - San Diego 3 |
BOTTOM OF THE 9TH |
San Diego Padres batting - Pitching for Chicago Cubs : RHP Chris Allen
|
Pitching: LHP Jay Turpin
|
|
Now at C: Josh Kalman
|
|
Pinch Hitting: LHB Conrad Taylor
|
0-0: Ball 1-0: Ball 2-0: Foul Ball, location: 2F 2-1: SINGLE (Groundball, 56S, EV 65.0 MPH) (infield hit)
|
Pinch Hitting: RHB Ben Zeiler
|
0-0: Grounds into double play, 5-4-3 (Groundball, 56, EV 89.4 MPH)
|
Batting: RHB Alois Wollf
|
0-0: Foul Ball, location: 2F 0-1: Ball 1-1: Foul Ball, location: 2F 1-2: Foul Ball, location: 2F 1-2: Foul Ball, location: 2F 1-2: Ball 2-2: SINGLE (Groundball, 6MD, EV 102.5 MPH)
|
Batting: RHB Chiel Palstermans
|
0-0: Called Strike Alois Wollf steals 2nd base 0-1: Swinging Strike 0-2: Ball 1-2: Ball 2-2: Ball 3-2: Foul Ball, location: 2F 3-2: Fly out, F8 (Line Drive, 8RM, EV 84.4 MPH)
|
Bottom of the 9th over - 0 runs, 2 hits, 0 errors, 1 left on base; Chicago 3 - San Diego 3 |
TOP OF THE 10TH |
Chicago Cubs batting - Pitching for San Diego Padres : RHP Raul Almonte
|
Pitching: RHP Jason Decker
|
|
Now at C: Ben Zeiler
|
|
Now at 1B: Conrad Taylor
|
|
Batting: SHB Seung-ho Zhang
|
0-0: Ground out 4-3 (Groundball, 4, EV 104.4 MPH)
|
Pitching: RHP Jack Overbeek
|
|
Batting: SHB Nick Chandler
|
0-0: Called Strike 0-1: Ball 1-1: Swinging Strike 1-2: Strikes out swinging
|
Batting: LHB Paul Perry
|
0-0: Ball 1-0: Swinging Strike 1-1: Fly out, F7 (Flyball, 78D, EV 95.6 MPH)
|
Top of the 10th over - 0 runs, 0 hits, 0 errors, 0 left on base; Chicago 3 - San Diego 3 |
BOTTOM OF THE 10TH |
San Diego Padres batting - Pitching for Chicago Cubs : LHP Jay Turpin
|
Batting: RHB Jose Morrissey
|
0-0: Ball 1-0: Ball 2-0: Called Strike 2-1: Foul Ball, location: 2F 2-2: Ground out 4-3 (Groundball, 4, EV 86.2 MPH)
|
Batting: RHB Cesar Breceda
|
0-0: Called Strike 0-1: Ball 1-1: Ball 2-1: Ball 3-1: SINGLE (Flyball, 9, EV 73.8 MPH)
|
Pitching: RHP Joe Pate
|
|
Batting: LHB Mike Holt
|
0-0: Ball 1-0: Ball 2-0: Called Strike 2-1: Ball 3-1: Foul Ball, location: 2F 3-2: Foul Ball, location: 2F 3-2: Base on Balls Cesar Breceda to second
|
Batting: LHB Per Meulengracht
|
0-0: Called Strike 0-1: Grounds into double play, 6-4-3 (Groundball, 56, EV 85.6 MPH)
|
Bottom of the 10th over - 0 runs, 1 hit, 0 errors, 1 left on base; Chicago 3 - San Diego 3 |
TOP OF THE 11TH |
Chicago Cubs batting - Pitching for San Diego Padres : RHP Jack Overbeek
|
Batting: RHB Adam O'Hare
|
0-0: Called Strike 0-1: Called Strike 0-2: Ball 1-2: Foul Ball, location: 2F 1-2: Ball 2-2: Strikes out swinging
|
Batting: SHB Gerardo Flores
|
0-0: Ball 1-0: Ball 2-0: Called Strike 2-1: Ground out 4-3 (Groundball, 4, EV 83.1 MPH)
|
Batting: RHB Josh Kalman
|
0-0: Called Strike 0-1: Fly out, F3 (Popup, 3SF, EV 75.0 MPH)
|
Top of the 11th over - 0 runs, 0 hits, 0 errors, 0 left on base; Chicago 3 - San Diego 3 |
BOTTOM OF THE 11TH |
San Diego Padres batting - Pitching for Chicago Cubs : RHP Joe Pate
|
Batting: RHB Carlos Reyes
|
0-0: Called Strike 0-1: Ball 1-1: Swinging Strike 1-2: Ball 2-2: Foul Ball, location: 2F 2-2: Foul Ball, location: 2F 2-2: Foul Ball, location: 2F 2-2: Ball 3-2: Strikes out looking
|
Batting: LHB Conrad Taylor
|
0-0: Swinging Strike 0-1: Foul Ball, location: 2F 0-2: Ball 1-2: Ball 2-2: Ball 3-2: Foul Ball, location: 2F 3-2: Ground out U3 (Groundball, 3, EV 83.8 MPH)
|
Pinch Hitting: LHB Joseph Martin
|
0-0: Ball 1-0: Ball 2-0: Foul Ball, location: 2F 2-1: Ground out 5-3 (Groundball, 56, EV 93.1 MPH)
|
Bottom of the 11th over - 0 runs, 0 hits, 0 errors, 0 left on base; Chicago 3 - San Diego 3 |
TOP OF THE 12TH |
Chicago Cubs batting - Pitching for San Diego Padres : RHP Jack Overbeek
|
Now at C: Joseph Martin
|
|
Batting: RHB Will Leslie
|
0-0: Ball 1-0: Called Strike 1-1: Swinging Strike 1-2: Ball 2-2: Ball 3-2: Fly out, F3 (Popup, 3S, EV 83.1 MPH)
|
Batting: RHB Elijah Campbell
|
0-0: Called Strike 0-1: Ball 1-1: Foul Ball, location: 2F 1-2: Ground out 6-3 (Groundball, 56, EV 101.2 MPH)
|
Batting: RHB Yasuhide Kasahara
|
0-0: Foul Ball, location: 2F 0-1: Ground out 6-3 (Groundball, 6, EV 83.1 MPH)
|
Top of the 12th over - 0 runs, 0 hits, 0 errors, 0 left on base; Chicago 3 - San Diego 3 |
BOTTOM OF THE 12TH |
San Diego Padres batting - Pitching for Chicago Cubs : RHP Joe Pate
|
Batting: RHB Alois Wollf
|
0-0: Fly out, F8 (Line Drive, 78M, EV 108.1 MPH)
|
Batting: RHB Chiel Palstermans
|
0-0: Ball 1-0: Foul Ball, location: 2F 1-1: Ball 2-1: Ball 3-1: Base on Balls
|
Batting: RHB Jose Morrissey
|
0-0: Called Strike 0-1: Foul Ball, location: 2F 0-2: Foul Ball, location: 2F 0-2: Ball 1-2: Ball 2-2: Grounds into double play, 6-4-3 (Groundball, 56, EV 89.4 MPH)
|
Bottom of the 12th over - 0 runs, 0 hits, 0 errors, 0 left on base; Chicago 3 - San Diego 3 |
TOP OF THE 13TH |
Chicago Cubs batting - Pitching for San Diego Padres : RHP Jack Overbeek
|
Pitching: RHP Tristan Vollmer
|
|
Batting: SHB Seung-ho Zhang
|
0-0: Called Strike 0-1: Foul Ball, location: 2F 0-2: Foul Ball, location: 2F 0-2: Ball 1-2: Ground out 4-3 (Groundball, 4, EV 86.2 MPH)
|
Batting: SHB Nick Chandler
|
0-0: Ball 1-0: Ball 2-0: Ball 3-0: Base on Balls
|
Batting: LHB Paul Perry
|
0-0: Ball 1-0: Fly out, F7 (Flyball, 7D, EV 87.5 MPH)
|
Batting: RHB Adam O'Hare
|
0-0: Ball 1-0: Ball 2-0: Foul Ball, location: 2F 2-1: Ball 3-1: Base on Balls Nick Chandler to second
|
Batting: SHB Gerardo Flores
|
0-0: Ball Wild Pitch! Nick Chandler to third Adam O'Hare to second 1-0: Foul Ball, location: 2F 1-1: Ball 2-1: Called Strike 2-2: Fly out, F3 (Popup, 3SF, EV 78.1 MPH)
|
Top of the 13th over - 0 runs, 0 hits, 0 errors, 2 left on base; Chicago 3 - San Diego 3 |
BOTTOM OF THE 13TH |
San Diego Padres batting - Pitching for Chicago Cubs : RHP Joe Pate
|
Pitching: RHP Bryant Bradley
|
|
Batting: RHB Cesar Breceda
|
0-0: Ball 1-0: Ball 2-0: Ball 3-0: Base on Balls
|
Batting: LHB Mike Holt
|
0-0: Ball 1-0: Foul Ball, location: 2F 1-1: Called Strike 1-2: Foul Ball, location: 2F 1-2: Grounds into double play, 4-6-3 (Groundball, 4, EV 78.1 MPH)
|
Batting: LHB Per Meulengracht
|
0-0: Ground out 4-3 (Groundball, 4, EV 84.4 MPH)
|
Bottom of the 13th over - 0 runs, 0 hits, 0 errors, 0 left on base; Chicago 3 - San Diego 3 |
TOP OF THE 14TH |
Chicago Cubs batting - Pitching for San Diego Padres : RHP Tristan Vollmer
|
Batting: RHB Josh Kalman
|
0-0: Ball 1-0: Ground out 4-3 (Groundball, 4, EV 83.1 MPH)
|
Batting: RHB Will Leslie
|
0-0: Swinging Strike 0-1: Swinging Strike 0-2: Ball 1-2: Foul Ball, location: 2F 1-2: Foul Ball, location: 2F 1-2: Strikes out looking
|
Pitching: LHP Tommy Hall
|
|
Batting: RHB Elijah Campbell
|
0-0: Called Strike 0-1: Foul Ball, location: 2F 0-2: Ball 1-2: Strikes out swinging
|
Top of the 14th over - 0 runs, 0 hits, 0 errors, 0 left on base; Chicago 3 - San Diego 3 |
BOTTOM OF THE 14TH |
San Diego Padres batting - Pitching for Chicago Cubs : RHP Bryant Bradley
|
Batting: RHB Carlos Reyes
|
0-0: Ground out 5-3 (Groundball, 56S, EV 88.8 MPH)
|
Batting: LHB Conrad Taylor
|
0-0: Called Strike 0-1: DOUBLE (Flyball, 8RXD, EV 107.5 MPH)
|
Batting: LHB Joseph Martin
|
0-0: Called Strike 0-1: Called Strike 0-2: Ball 1-2: Ball 2-2: Strikes out swinging
|
Batting: RHB Alois Wollf
|
0-0: Ball 1-0: Called Strike 1-1: Ground out 5-3 (Groundball, 56S, EV 88.1 MPH)
|
Bottom of the 14th over - 0 runs, 1 hit, 0 errors, 1 left on base; Chicago 3 - San Diego 3 |
TOP OF THE 15TH |
Chicago Cubs batting - Pitching for San Diego Padres : LHP Tommy Hall
|
Pinch Hitting: RHB Shintaro Katsumata
|
0-0: Fly out, F8 (Flyball, 78D, EV 107.5 MPH)
|
Batting: SHB Seung-ho Zhang
|
0-0: Foul Ball, location: 2F 0-1: Ball 1-1: Fly out, F5 (Line Drive, 5, EV 65.6 MPH)
|
Batting: SHB Nick Chandler
|
0-0: Ball 1-0: Fly out, F9 (Flyball, 89M, EV 81.9 MPH)
|
Top of the 15th over - 0 runs, 0 hits, 0 errors, 0 left on base; Chicago 3 - San Diego 3 |
BOTTOM OF THE 15TH |
San Diego Padres batting - Pitching for Chicago Cubs : RHP Bryant Bradley
|
Now at 2B: Shintaro Katsumata
|
|
Now at SS: Elijah Campbell
|
|
Batting: RHB Chiel Palstermans
|
0-0: Fly out, F9 (Line Drive, 9, EV 93.1 MPH)
|
Batting: RHB Jose Morrissey
|
0-0: Foul Ball, location: 2F 0-1: Fly out, F6 (Flyball, 6D, EV 86.2 MPH)
|
Batting: RHB Cesar Breceda
|
0-0: Called Strike 0-1: SINGLE (Line Drive, 5D, EV 111.9 MPH)
|
Batting: LHB Mike Holt
|
0-0: Ball 1-0: Called Strike 1-1: Ball Cesar Breceda steals 2nd base 2-1: Intentional Walk
|
Batting: LHB Per Meulengracht
|
0-0: SINGLE (Line Drive, 4D, EV 94.4 MPH) Cesar Breceda to third Mike Holt to second Runner from 3rd tries for Home, SAFE, throw by RF to home
|
Bottom of the 15th over - 1 run, 2 hits, 0 errors, 0 left on base; Chicago 3 - San Diego 4 |
|
Game Over ... San Diego defeats Chicago, 4 to 3
|
|
|